Map: King's Cove LE

Players

Dwayne

  • Race: Protoss Protoss
  • League: Bronze
  • Spawn Location: 11:00

wootwoot - Winner!

  • Race: Terran Terran
  • League: Bronze
  • Spawn Location: 5:00

VOD

Have the link to the VOD?

Description

Time

  • Played on: April 1, 2025, 2:25 p.m.
  • Length: 5:10
Show
View Real Time Build Order
Export as new Build Order

Dwayne Protoss 

Build Orders:  

Get SALT Encoding   

  12  0:19  Pylon  
  12  0:23  Probe  
  13  0:36  Probe  
  13  0:41  Forge  
  14  0:48  Probe  
  15  1:00  Probe  
  16  1:06  Gateway  
  16  1:12  Pylon, Probe  
  17  1:24  Pylon  
  17  1:31  Photon Cannon  
  17  1:47  Photon Cannon  
  17  2:03  Cybernetics Core  
  17  2:17  Pylon  
  17  2:26  Nexus  
  17  2:42  Photon Cannon  
  17  2:48  Photon Cannon  
  17  2:53  Photon Cannon  
  17  3:00  Probe  
  18  3:12  Probe  
  19  3:13  Assimilator  
  19  3:18  Assimilator  
  19  3:28  Probe  
  20  3:41  Probe  
  21  3:53  Probe  
  21  3:54  Probe  
  23  4:01  Assimilator  
  23  4:04  Assimilator  
  23  4:05  Probe  
  23  4:06  Probe  
  22  4:17  Probe  
  22  4:18  Probe  
  22  4:21  Photon Cannon  
  19  4:30  Probe  
  21  4:42  Probe  
Show
View Real Time Build Order
Export as new Build Order

wootwoot Terran - Winner!

Build Orders: 1/1/1 

Get SALT Encoding   

  12  0:00  SCV  
  13  0:12  SCV  
  14  0:19  Supply Depot  
  14  0:24  SCV  
  15  0:28  Refinery  
  15  0:40  SCV  
  16  0:46  Barracks  
  16  0:53  SCV  
  16  0:55  Refinery  
  17  1:05  SCV  
  18  1:17  SCV  
  20  1:34  Orbital Command  
  20  1:35  Factory  
  20  1:37  Barracks Reactor  
  19  1:46  Supply Depot  
  19  1:59  SCV  
  20  2:16  Marine x2  
  20  2:20  Starport  
  20  2:21  Factory Tech Lab  
  22  2:25  SCV  
  22  2:27  Supply Depot  
  23  2:34  Marine x2  
  25  2:37  SCV  
  26  2:45  Siege Tank  
  26  2:51  SCV  
  30  2:58  Medivac  
  30  3:00  Marine x2  
  34  3:18  Siege Tank, Marine x2  
  38  3:29  Viking  
  40  3:43  Marine x2  
  42  3:50  Siege Tank  
  42  3:54  Supply Depot  
  45  4:15  Marine  
  45  4:16  Marine  
  47  4:22  Siege Tank  
  50  4:49  Marine x2  
Tags
 
Matchup
PvT
Opening
1/1/1
Replay Pack
B2M-Replays
Spawn Locations
Cross Positions
Add a new tag
Caveats
  • Supply blocks, unpowered buildings, or Contaminate may cause inaccurate times.
  • Supply counts are checked every 10 seconds.